cohdb
Replays
Latest Replays
All Replays
Popular Replays
Top Player Replays
Match Explorer
How It Works
Community
CoH3 Stats
Reddit
Sign in to upload your games and track your stats! →
Sign in with Steam
Match 46356367
Unlisted
Match 46356367
Overview
Messages
Build Orders
End
Pioneer Squad
Pioneer Squad
Construct Infanterie Kompanie
Selects Mechanized Battlegroup
MG 42 Machine Gun Team
MG 42 Machine Gun Team
Construct Panzergrenadier Kompanie
251 Medium Carrier
Pak 40 Anti-tank Gun Team
Panzergrenadier Officer Quarters
Medical Station
Selects Raid Package
Panzergrenadier Squad
Support Elements
Seshagrantch
VX6 (Echofretzz)
CAuMOH
✠Kaiser✠ tushkan
0
0
Comments
sign in to comment!
No comments posted yet!